 Dungeon Crawl Stone Soup version 0.30-a0-365-ge7f957f1db (webtiles) character file.

Game seed: 3188612339547630728

38 qeuew the Chopper (level 3, -5/27 HPs)
             Began as a Demonspawn Gladiator on Nov 17, 2022.
             Slain by a gnoll
             ... wielding a +0 halberd
              (10 damage)
             ... on level 2 of the Dungeon.
             The game lasted 00:01:48 (1183 turns).

qeuew the Chopper (Demonspawn Gladiator)            Turns: 1183, Time: 00:01:49

Health: -5/27      AC:  6    Str: 16    XL:     3   Next: 25%
Magic:  3/3        EV: 11    Int:  9    God:
Gold:   77         SH:  0    Dex: 14    Spells: 2/2 levels left

rFire   . . .      SeeInvis .    a - +0 war axe
rCold   . . .      Faith    .    (no shield)
rNeg    . . .      Spirit   .    k - +0 ring mail
rPois   .          Reflect  .    c - +0 helmet
rElec   .          Harm     .    (no cloak)
rCorr   .          Rampage  .    (no gloves)
Will    .....                    (no boots)
Stlth   +.........               (no amulet)
HPRegen 0.24/turn                (no ring)
MPRegen 0.16/turn                (no ring)

@: no status effects
A: demonic guardian 1, magic regeneration
a: no special abilities


You were on level 2 of the Dungeon.
You visited 1 branch of the dungeon, and saw 2 of its levels.

You collected 77 gold pieces.

Inventory:

Hand Weapons
 a - a +0 war axe (weapon)
Missiles
 d - 3 throwing nets (quivered)
 e - a javelin
Armour
 c - a +0 helmet (worn)
 k - a +0 ring mail (worn)
Scrolls
 b - a scroll of identify
 f - a scroll of teleportation {unknown}
Potions
 j - a potion of resistance


   Skills:
 + Level 2.2 Fighting
 * Level 3.2 Axes
 + Level 2.2 Throwing
 + Level 0.8 Armour
 + Level 2.9 Dodging


You had 2 spell levels left.
You didn't know any spells.
Your spell library contained the following spells:

 Spells                   Type           Power      Damage    Failure   Level
 Apportation              Tloc           0%         N/A       61%         1
 Necrotise                Necr           0%         1d4       61%         1
 Summon Small Mammal      Summ           0%         N/A       61%         1


Dungeon Overview and Level Annotations

Branches:
Dungeon (2/15)

Altars:


Innate Abilities, Weirdness & Mutations

A weak demonic guardian rushes to your aid.
You regenerate magic rapidly.


Message History

A gnoll comes into view. It is wielding a +0 halberd.
The gnoll shouts!
A gnoll comes into view. It is wielding a +0 whip.
A gnoll comes into view. It is wielding a +0 spear.
The gnoll shouts!
You hear a shout!
A gnoll comes into view. It is wielding a +0 whip.
There are monsters nearby!
There are monsters nearby!
Found 10 gold pieces.
The gnoll hits you with a +0 halberd!
There are monsters nearby!
You closely miss the gnoll. You hit the gnoll. The gnoll barely misses you.
The gnoll completely misses you.
You closely miss the gnoll. You hit the gnoll but do no damage.
The gnoll closely misses you. The gnoll hits you with a +0 whip.
The gnoll closely misses you.
You hit the gnoll.
The gnoll is heavily wounded.
You slash the gnoll! The gnoll hits you with a +0 whip.
The gnoll hits you from afar with a +0 halberd!
* * * LOW HITPOINT WARNING * * *
A demonic guardian appears!
The gnoll closely misses you.
Unknown command.
You feel better. The gnoll barely misses you.
The gnoll hits you but does no damage. The gnoll misses you.
The gnoll barely misses you.
You barely miss the gnoll.
The gnoll is heavily wounded.
You hit the gnoll. The gnoll completely misses you.
The gnoll hits you from afar with a +0 spear.
* * * LOW HITPOINT WARNING * * *
Your shadow imp hits the gnoll.
Unknown command.
You hit the gnoll.
You kill the gnoll!
You hit the gnoll.
The gnoll hits you from afar with a +0 spear.
* * * LOW HITPOINT WARNING * * *
The gnoll hits you from afar with a +0 halberd!
You die...

####### #.....# #.....#
#.....# ###.....#
###.......# #######
######.........##.g.....
...)............@)g.....
...............5g.......
#####.###########.......
###..# $...... ##...##
####### ...### #### ..##
#..# ##########


You could see 3 gnolls and a friendly shadow imp (summoned).

Vanquished Creatures
  A gnoll (D:2)
  2 endoplasms
  A giant cockroach (D:1)
  2 goblins (D:2)
  5 hobgoblins (D:1)
  9 jackals (D:1)
  A quokka (D:1)
  3 ball pythons (D:1)
  A bat (D:1)
  A frilled lizard (D:2)
  6 kobolds
  A rat (D:1)
33 creatures vanquished.

Vanquished Creatures (collateral kills)
  A ball python (D:1)
1 creature vanquished.

Grand Total: 34 creatures vanquished

Notes
Turn   | Place    | Note
-------+----------+-------------------------------------------
     0 | D:1      | qeuew the Demonspawn Gladiator began the quest for the Orb.
     0 | D:1      | Reached XP level 1. HP: 16/16 MP: 1/1
   260 | D:1      | Gained mutation: A weak demonic guardian rushes to your
                  | aid. [demonic ancestry]
   260 | D:1      | Reached XP level 2. HP: 21/22 MP: 2/2
   295 | D:1      | Reached skill level 3 in Axes
   612 | D:1      | Gained mutation: You regenerate magic rapidly. [demonic
                  | ancestry]
   612 | D:1      | Reached XP level 3. HP: 26/27 MP: 3/3
  1180 | D:2      | HP: 1/27 [gnoll/+0 halberd (12)]
  1183 | D:2      | Slain by a gnoll

Illustrated notes

Levels and vault maps discovered:
D:1:      heliophobic_arrival_glass_houses, layout_basic
D:2:      layout_rooms

Skill      XL: |  1  2 |
---------------+-------+-----
Axes           | 3 |  3.2
Throwing       | 2 |  2.2
Fighting       | |  2.2
Armour         | |  0.8
Dodging        | |  2.9

Action                   || total
-------------------------++-------
Melee: War axe           ||   116
       Punch             ||     1
  Use: Scroll            ||     4
       Potion            ||     3
Armor: Leather armour    ||    26
       Ring mail         ||    36
Dodge: Dodged            ||   105

Table legend: (Time is in decaauts)
 A = Elapsed time spent in this place.
 B = Non-inter-level travel time spent in this place.
 C = Inter-level travel time spent in this place.
 D = Time resting spent in this place.
 E = Time spent auto-exploring this place.
 F = Levels seen in this place.
 G = Mean time per level.
                   A        B        C        D        E       F      G
               +--------+--------+--------+--------+--------+-----+--------+
         Total |   1205 |   1189 |     16 |      0 |    872 |   2 |  602.5 |
       Dungeon |   1205 |   1189 |     16 |      0 |    872 |   2 |  602.5 |
               +--------+--------+--------+--------+--------+-----+--------+

Top non-repeatable levels by time:
     D:1: 955 daAuts
     D:2: 249 daAuts
